 Seeded DCSS version 0.29.1-15-g9cfb28693d (webtiles) character file.

Game seed: 10389257799748471964 (custom seed)

12 Psyclone the Chiller (level 2, 15/15 HPs)
             Began as a Deep Elf Ice Elementalist on Sept 27, 2023.
             Quit the game on level 1 of the Dungeon.
             The game lasted 00:01:13 (590 turns).

Psyclone the Chiller (Deep Elf Ice Elementalist)     Turns: 590, Time: 00:01:13

Health: 15/15      AC:  2    Str:  5    XL:     2   Next: 20%
Magic:  7/8        EV: 12    Int: 19    God:
Gold:   6          SH:  0    Dex: 15    Spells: 6/7 levels left

rFire   . . .      SeeInvis .   (no weapon)
rCold   . . .      Faith    .   (no shield)
rNeg    . . .      Spirit   .   a - +0 robe
rPois   .          Reflect  .   (no helmet)
rElec   .          Harm     .   (no cloak)
rCorr   .          Rampage  .   (no gloves)
Will    .....                   (no boots)
Stlth   ++........              (no amulet)
HPRegen 0.05/turn               (no ring)
MPRegen 0.11/turn               (no ring)

@: no status effects
A: no striking features
a: no special abilities


You were on level 1 of the Dungeon.
You visited 1 branch of the dungeon, and saw 1 of its levels.

You collected 6 gold pieces.

Inventory:

Armour
 a - a +0 robe (worn)
Scrolls
 c - a scroll of identify {unknown}
 d - a scroll of teleportation {unknown}
 g - 2 scrolls of amnesia {unknown}
Potions
 b - a potion of magic
 e - a potion of attraction {unknown}
 f - a potion of haste {unknown}


   Skills:
 - Level 2.4 Dodging
 - Level 2.4 Stealth
 - Level 3.0 Spellcasting
 + Level 5.0 Ice Magic


You had 6 spell levels left.
You knew the following spells:

 Your Spells              Type           Power      Damage    Failure   Level
a - Freeze                Ice            88%        1d10      1%          1

Your spell library contained the following spells:

 Spells                   Type           Power      Damage    Failure   Level
 Frozen Ramparts          Ice            44%        1d7       6%          3
 Ozocubu's Armour         Ice            22%        N/A       6%          3
 Necrotise                Necr           8%         1d4       16%         1
 Vampiric Draining        Necr           2%         2d6       41%         3
 Hailstorm                Conj/Ice       12%        3d5       47%         4
 Agony                    Necr           2%         N/A       99%         5


Dungeon Overview and Level Annotations

Branches:
Dungeon (1/15) Zot: 5410

Altars:


Message History

Aim: a hobgoblin (severely wounded)
You freeze the hobgoblin.
You kill the hobgoblin!
A goblin comes into view. It is wielding a +0 dagger.
Your Ice Magic skill increases to level 5!
You now have 6/8 mp.
The goblin shouts!
Casting: Freeze (safe; 1% risk of failure)
Confirm with . or Enter, or press ? or * to list all spells.
Aiming: Freeze (safe; 1% risk of failure)
Press: ? - help, Shift-Dir - straight line, f - goblin
Aim: a goblin, wielding a +0 dagger You freeze the goblin.
You kill the goblin!
You now have 5/8 mp.
Unknown command.
Casting: Freeze (safe; 1% risk of failure)
Confirm with . or Enter, or press ? or * to list all spells.
Aiming: Freeze (safe; 1% risk of failure)
Press: ? - help, Shift-Dir - straight line, f - rat
Aim: a rat You freeze the rat.
The rat is heavily wounded.
The rat closely misses you.
You now have 4/8 mp.
Casting: Freeze (safe; 1% risk of failure)
Confirm with . or Enter, or press ? or * to list all spells.
Aiming: Freeze (safe; 1% risk of failure)
Press: ? - help, Shift-Dir - straight line, f/p - rat
Aim: a rat (heavily wounded)
You freeze the rat.
You kill the rat!
You now have 3/8 mp.
You now have 6 gold pieces.
h - a scroll labelled FIANLO VUESTRUP This is a scroll of acquirement!
You see here a book of Necromancy.
Something appears at your feet!
You pick up a book of Necromancy and begin reading...
You add the spells Necrotise, Vampiric Draining and Agony to your library.
Are you sure you want to abandon this character and quit the game? (Confirm with "yes".)

#....##.............###...####
##....##......#......###.#..###
##....##.............##.......#
##........#.......#...#.........#
##.... ...#......<#...#.#.#.#.#.#
.# ...###...###.............# ...
#..........[..#..#.#.#.#.# ###
###.............#..........# ##
.####...###@..###..#.#.#.#.
.####...........................
.....#########..######..#.#.#.#
................# ##........
.....##.....###.# ##.####
.....##.#.#...#.#
.....##.#.#+#.... .....##.#..
..... ######..#... ....


There were no monsters in sight!

Vanquished Creatures
  An endoplasm (D:1)
  3 goblins (D:1)
  2 hobgoblins (D:1)
  2 ball pythons (D:1)
  A bat (D:1)
  A frilled lizard (D:1)
  A kobold (D:1)
  A rat (D:1)
12 creatures vanquished.

Notes
Turn   | Place    | Note
-------+----------+-------------------------------------------
     0 | D:1      | Psyclone the Deep Elf Ice Elementalist began the quest for
                  | the Orb.
     0 | D:1      | Reached XP level 1. HP: 10/10 MP: 6/6
   361 | D:1      | Reached XP level 2. HP: 8/15 MP: 2/8
   555 | D:1      | Reached skill level 5 in Ice Magic
   588 | D:1      | Identified a scroll of acquirement
   588 | D:1      | Acquired a book of Necromancy
   590 | D:1      | Quit the game

Illustrated notes

Levels and vault maps discovered:
D:1:      minmay_arrival_open_corners, layout_basic, serial_glass,
          glass_columns_c, glass_columns_a, minmay_tree_intersection

Skill      XL: |  1  2 |
---------------+-------+-----
Ice Magic      | 5 |  5.0
Dodging        | |  2.4
Stealth        | |  2.4
Spellcasting   | |  3.0

Action                   || total
-------------------------++-------
Melee: Unarmed           ||     2
 Cast: Freeze            ||    18
  Use: Scroll            ||     1
Armor: Robe              ||     4
Dodge: Dodged            ||     8
